 Dungeon Crawl Stone Soup version 0.28-a0-1038-g9c4cb8273d (webtiles) character file.

Game seed: 18429184120548748496

83 ryw the Firebug (level 4, -5/24 HPs)
             Began as a Deep Elf Fire Elementalist on Dec 8, 2021.
             Killed from afar by Ijyb (17 damage)
             ... with an iceblast
             ... on level 3 of the Dungeon.
             The game lasted 00:05:19 (2710 turns).

ryw the Firebug (Deep Elf Fire Elementalist)        Turns: 2710, Time: 00:05:20

Health: -5/24      AC:  2    Str:  7    XL:     4   Next: 22%
Magic:  3/10       EV: 12    Int: 20    God:
Gold:   74         SH:  0    Dex: 15    Spells: 6/9 levels left

rFire   . . .      SeeInvis .   g - +0 short sword
rCold   . . .      Faith    .   (no shield)
rNeg    . . .      Spirit   .   a - +0 robe
rPois   .          Reflect  .   (no helmet)
rElec   .          Harm     .   (no cloak)
rCorr   .          Rampage  .   (no gloves)
Will    .....                   (no boots)
Stlth   ++........              (no amulet)
HPRegen 0.08/turn               (no ring)
MPRegen 0.12/turn               (no ring)

@: very slightly contaminated
A: no striking features
a: no special abilities


You were on level 3 of the Dungeon.
You visited 1 branch of the dungeon, and saw 3 of its levels.

You collected 74 gold pieces.

Inventory:

Hand Weapons
 g - a +0 short sword (weapon)
Missiles
 b - 15 poisoned darts
 e - a throwing net
Armour
 a - a +0 robe (worn)
Scrolls
 c - 3 scrolls of identify {unknown}
 d - a scroll of holy word {unknown}
 f - 3 scrolls of teleportation {unknown}
 j - 2 scrolls of fog {unknown}
 l - a scroll of magic mapping {unknown}
 m - a scroll of blinking {unknown}
 n - a scroll of fear {unknown}
Potions
 h - a potion of flight {unknown}
 i - a potion of magic {unknown}
 k - a potion of brilliance {unknown}


   Skills:
 * Level 0.6 Fighting
 + Level 2.6 Dodging
 - Level 2.4 Stealth
 - Level 3.0 Spellcasting
 + Level 2.3 Conjurations
 + Level 4.8 Fire Magic


You had 6 spell levels left.
You knew the following spells:

 Your Spells              Type           Power      Damage    Failure   Level
a - Foxfire               Conj/Fire      68%        2x1d7     3%          1
b - Scorch                Fire           44%        2d7       3%          2

Your spell library contained the following spells:

 Spells                   Type           Power      Damage    Failure   Level
 Conjure Flame            Conj/Fire      17%        6-21      10%         3
 Freeze                   Ice            12%        1d4       14%         1
 Inner Flame              Hex/Fire       12%        N/A       16%         3
 Flame Wave               Conj/Fire      17%        2d5       32%         4
 Frozen Ramparts          Ice            6%         1d2       38%         3
 Hailstorm                Conj/Ice       7%         3d4       65%         4


Dungeon Overview and Level Annotations

Branches:
Dungeon (3/15)

Altars:

Annotations:
D:3 Ijyb


Message History

Ijyb is lightly wounded.
Ijyb screams, "Die!"
Ijyb zaps a wand.
The mass of ice explodes!
The iceblast engulfs your foxfire! The iceblast engulfs you!
Ouch! That really hurt!
The iceblast engulfs your foxfire! The iceblast engulfs your foxfire!!
The iceblast engulfs your foxfire!
You hear a shout! x7
The foxfire hits Ijyb but does no damage.
Ijyb is lightly wounded.
The foxfire hits Ijyb.
Ijyb is lightly wounded.
The foxfire hits Ijyb but does no damage.
Ijyb is lightly wounded.
Casting: Foxfire (safe; 3% risk of failure)
Confirm with . or Enter, or press ? or * to list all spells.
You conjure some foxfire!
Casting: Foxfire (safe; 3% risk of failure)
Confirm with . or Enter, or press ? or * to list all spells.
You conjure some foxfire!
The foxfire hits Ijyb.
Ijyb is lightly wounded.
The foxfire hits Ijyb.
Ijyb is heavily wounded.
Casting: Foxfire (safe; 3% risk of failure)
Confirm with . or Enter, or press ? or * to list all spells.
You conjure some foxfire!
The foxfire hits Ijyb.
Ijyb is heavily wounded.
Casting: Foxfire (safe; 3% risk of failure)
Confirm with . or Enter, or press ? or * to list all spells.
You miscast Scorch.
You are very lightly contaminated with residual magic.
Nothing appears to happen.
The foxfire hits Ijyb.
Ijyb is heavily wounded.
The foxfire hits Ijyb.
Ijyb is severely wounded.
The foxfire hits Ijyb.
Ijyb is severely wounded.
Ijyb zaps a wand.
The mass of ice explodes!
The iceblast engulfs you!
Ouch! That really hurt!
You die...

# . .##g ... # ... ....#
####.####. ....# ..g...... .....
####........ ..... #..§@§...#
....# #.##§##..# ..... #.##.# #
#......#.. #.####.##.# ..#
.....##.# #......##.##..#
.#........
#############..♣♣.#..#..##...##.#
.......# #...PP♣...#[.##.......
.......# #..._♣P...............
.......######.P♣♣P...#..##...#..#


You could see Ijyb.

Vanquished Creatures
  2 adders
  2 worms (D:2)
  4 dart slugs
  An orc (D:3)
  A ball python (D:1)
  5 endoplasms
  A giant cockroach (D:2)
  5 goblins
  2 hobgoblins
  3 quokkas
  5 bats
  6 frilled lizards
  7 kobolds
  5 rats
49 creatures vanquished.

Vanquished Creatures (collateral kills)
  A foxfire (D:3)
1 creature vanquished.

Vanquished Creatures (others)
  174 foxfires
174 creatures vanquished.

Grand Total: 224 creatures vanquished

Notes
Turn   | Place    | Note
-------+----------+-------------------------------------------
     0 | D:1      | ryw the Deep Elf Fire Elementalist began the quest for the
                  | Orb.
     0 | D:1      | Reached XP level 1. HP: 10/10 MP: 6/6
   398 | D:1      | Reached XP level 2. HP: 15/15 MP: 4/8
   404 | D:1      | Reached skill level 4 in Fire Magic
  1111 | D:2      | Reached XP level 3. HP: 19/19 MP: 4/9
  1152 | D:2      | Learned a level 2 spell: Scorch
  2233 | D:3      | Reached XP level 4. HP: 24/24 MP: 7/10
  2431 | D:3      | Found a faded altar of an unknown god.
  2701 | D:3      | Noticed Ijyb
  2710 | D:3      | Killed from afar by Ijyb

Illustrated notes

Levels and vault maps discovered:
D:1:      dpeg_arrival_concentric_ovals, layout_basic
D:2:      layout_rooms, minmay_misc_feat_doors
D:3:      layout_basic, ebering_ecumenical_altar_petrified, uniq_ijyb,
          uniq_robin

Skill      XL: |  1  2  3 |
---------------+----------+-----
Fire Magic     | 4 |  4.8
Conjurations   | 2 |  2.3
Fighting       | |  0.6
Dodging        | |  2.6
Stealth        | |  2.4
Spellcasting   | |  3.0

Action                   |  1- 3 |  4- 6 || total
-------------------------+-------+-------++-------
 Cast: Foxfire           |    94 |    16 ||   110
       Scorch            |     1 |     1 ||     2
Armor: Robe              |     2 |     1 ||     3
Dodge: Dodged            |     8 |     3 ||    11

Table legend: (Time is in decaauts)
 A = Elapsed time spent in this place.
 B = Non-inter-level travel time spent in this place.
 C = Inter-level travel time spent in this place.
 D = Time resting spent in this place.
 E = Time spent auto-exploring this place.
 F = Levels seen in this place.
 G = Mean time per level.
                   A        B        C        D        E       F      G
               +--------+--------+--------+--------+--------+-----+--------+
         Total |   2708 |   2686 |     22 |    178 |   2100 |   3 |  902.7 |
       Dungeon |   2708 |   2686 |     22 |    178 |   2100 |   3 |  902.7 |
               +--------+--------+--------+--------+--------+-----+--------+

Top non-repeatable levels by time:
     D:1: 1026 daAuts
     D:2: 1022 daAuts
     D:3: 659 daAuts
